[Event "HUN-ch Rapid 2019"]
[Site "Ajka"]
[Date "2019.07.21"]
[Round "12.10"]
[White "Ruck, Robert"]
[Black "Kiss, Pal"]
[Result "1-0"]
[ECO "A07"]
[WhiteElo "2524"]
[BlackElo "2278"]
[Annotator "ChessBase"]
[PlyCount "73"]
[EventDate "2019.07.18"]
[EventType "swiss"]
[EventCountry "HUN"]
[SourceTitle "playchess.com"]
[Source "ChessBase"]
[SourceQuality "1"]
[TimeControl "1200+5"]

1. Nf3 d5 2. g3 Nf6 3. Bg2 c6 4. O-O Bg4 5. c4 e6 6. d3 Nbd7 7. cxd5 cxd5 8. Nc3 Be7 9. Qb3 O-O 10. Be3 Bxf3 11. Bxf3 Ne5 12. Qxb7 Nxf3+ 13. exf3 d4 14. Bxd4 Qxd4 15. Qxe7 Qxd3 16. Kg2 Rfb8 17. Rfd1 Qa6 18. Rd2 Re8 19. Qc5 Rec8 20. Qe5 h6 21. Rad1 Qb7 22. b3 Qc6 23. Rd3 Qb7 24. h4 Qc6 25. Qf4 Qb6 26. g4 Qa5 27. g5 hxg5 28. hxg5 Nh5 29. Qg4 g6 30. Ne4 Qe5 31. Rd7 Kg7 32. Kg1 a5 33. Nd6 Rf8 34. Qd4 Qxd4 35. Rxd4 Rad8 36. Rxd8 Rxd8 37. Nf5+ 1-0

[Event "HUN-ch Rapid 2019"]
[Site "Ajka"]
[Date "2019.07.21"]
[Round "12.11"]
[White "Jakab, Attila"]
[Black "Farago, Sandor"]
[Result "1-0"]
[ECO "E70"]
[WhiteElo "2377"]
[BlackElo "2210"]
[Annotator "NA"]
[PlyCount "89"]
[EventDate "2019.07.18"]
[EventType "swiss"]
[EventCountry "HUN"]
[SourceTitle "playchess.com"]
[Source "ChessBase"]
[SourceQuality "1"]
[TimeControl "1200+5"]

1. d4 Nf6 2. c4 g6 3. Nc3 Bg7 4. e4 d6 5. Nge2 Nbd7 6. Ng3 e5 7. d5 a5 8. Be2 Nc5 9. h4 h5 10. Bg5 Bd7 11. Qd2 Qc8 12. O-O-O a4 13. Rdf1 b6 14. f4 Nh7 15. f5 Nxg5 16. hxg5 h4 17. f6 Bf8 18. Rh2 Bg4 19. Rfh1 Bxe2 20. Qxe2 Qa6 21. Rxh4 Rxh4 22. Rxh4 O-O-O 23. Rh7 Rd7 24. Nh1 Qa5 25. Kc2 Qb4 26. Nf2 Kb7 27. a3 Qa5 28. Nd3 Nb3 29. Qg4 Nd4+ 30. Kb1 Rd8 31. Rxf7 Qa6 32. Nb5 Nxb5 33. cxb5 Qxb5 34. Qe2 Qc4 35. Nf4 Qxe2 36. Nxe2 b5 37. Ng1 Kb6 38. Nf3 c6 39. Nh4 cxd5 40. exd5 Kc5 41. Nxg6 Kxd5 42. Nxf8 Kc4 43. g6 Kb3 44. Rc7 b4 45. g7 1-0

[Event "HUN-ch Rapid 2019"]
[Site "Ajka"]
[Date "2019.07.21"]
[Round "12.12"]
[White "Popovics, Adam"]
[Black "Horvath, Tamas"]
[Result "1-0"]
[ECO "E39"]
[WhiteElo "2365"]
[BlackElo "2306"]
[Annotator "NA"]
[PlyCount "59"]
[EventDate "2019.07.18"]
[EventType "swiss"]
[EventCountry "HUN"]
[SourceTitle "playchess.com"]
[Source "ChessBase"]
[SourceQuality "1"]
[TimeControl "1200+5"]

1. d4 Nf6 2. c4 e6 3. Nc3 Bb4 4. Qc2 c5 5. dxc5 O-O 6. Nf3 Na6 7. g3 Nxc5 8. Bg2 b6 9. O-O Bxc3 10. Qxc3 Bb7 11. b4 Nce4 12. Qd4 Qc7 13. Bb2 Rac8 14. Rac1 Rfd8 15. Qd3 Ba6 16. Qe3 Bb7 17. c5 bxc5 18. bxc5 Bd5 19. Ng5 Qc6 20. Nxe4 Nxe4 21. f3 Nxc5 22. Qg5 e5 23. Bxe5 Ne6 24. Qd2 Bc4 25. f4 Qb6+ 26. Kh1 f6 27. Bd6 Qa6 28. Be7 Re8 29. Qxd7 Kh8 30. Bb7 1-0

[Event "HUN-ch Rapid 2019"]
[Site "Ajka"]
[Date "2019.07.21"]
[Round "12.13"]
[White "Borhy, Marcell"]
[Black "Dankhazi, Andras"]
[Result "1/2-1/2"]
[ECO "A40"]
[WhiteElo "2382"]
[BlackElo "2277"]
[Annotator "NA"]
[PlyCount "62"]
[EventDate "2019.07.18"]
[EventType "swiss"]
[EventCountry "HUN"]
[SourceTitle "playchess.com"]
[Source "ChessBase"]
[SourceQuality "1"]
[TimeControl "1200+5"]

1. d4 Nf6 2. c4 e6 3. g3 Bb4+ 4. Bd2 Be7 5. Nf3 d5 6. Bg2 O-O 7. O-O Nbd7 8. Na3 Ne4 9. Rc1 Nxd2 10. Qxd2 c6 11. cxd5 exd5 12. Nb1 Bd6 13. Nc3 Qe7 14. Qc2 Nf6 15. a3 Re8 16. Rfe1 Ne4 17. Nd2 Nxd2 18. Qxd2 Bf5 19. f3 Qe3+ 20. Qxe3 Rxe3 21. Nd1 Ree8 22. Nc3 Rad8 23. e4 dxe4 24. fxe4 Bd7 25. Kh1 c5 26. e5 cxd4 27. exd6 Rxe1+ 28. Rxe1 dxc3 29. bxc3 b6 30. Re7 Kf8 31. Bd5 Be8 1/2-1/2

[Event "HUN-ch Rapid 2019"]
[Site "Ajka"]
[Date "2019.07.21"]
[Round "12.14"]
[White "Csiszar, Csaba"]
[Black "Varga, Klara"]
[Result "1-0"]
[ECO "A46"]
[WhiteElo "2432"]
[BlackElo "2146"]
[Annotator "NA"]
[PlyCount "85"]
[EventDate "2019.07.18"]
[EventType "swiss"]
[EventCountry "HUN"]
[SourceTitle "playchess.com"]
[Source "ChessBase"]
[SourceQuality "1"]
[TimeControl "1200+5"]

1. d4 Nf6 2. Nf3 e6 3. e3 c5 4. Bd3 b6 5. O-O Bb7 6. b3 cxd4 7. exd4 d6 8. Bb2 Nbd7 9. Nbd2 Be7 10. c4 O-O 11. Qe2 Re8 12. Ng5 h6 13. f4 Nf8 14. Ngf3 Rc8 15. Rae1 Qd7 16. Qf2 Nh5 17. Qe3 Nh7 18. Bb1 Bf8 19. g4 N5f6 20. g5 Ng4 21. Qd3 g6 22. h3 e5 23. d5 Bg7 24. Ne4 exf4 25. Bxg7 Kxg7 26. hxg4 Qxg4+ 27. Kf2 Nxg5 28. Nfxg5 hxg5 29. Qc3+ Re5 30. Rh1 Bxd5 31. Reg1 Qd7 32. Rh7+ Kf8 33. Nf6 Qe6 34. Nxd5 g4 35. Nxf4 Qf6 36. Kg3 Rce8 37. Re1 Kg8 38. Rxe5 dxe5 39. Nd5 Qf1 40. Rh2 Kg7 41. Qe3 Qf3+ 42. Qxf3 gxf3 43. Kxf3 1-0

[Event "HUN-ch Rapid 2019"]
[Site "Ajka"]
[Date "2019.07.21"]
[Round "12.15"]
[White "Bodi, Tibor"]
[Black "Csonka, Balazs"]
[Result "1/2-1/2"]
[ECO "A34"]
[WhiteElo "2244"]
[BlackElo "2472"]
[Annotator "ChessBase"]
[PlyCount "50"]
[EventDate "2019.07.18"]
[EventType "swiss"]
[EventCountry "HUN"]
[SourceTitle "playchess.com"]
[Source "ChessBase"]
[SourceQuality "1"]
[TimeControl "1200+5"]

1. Nf3 c5 2. c4 Nf6 3. Nc3 d5 4. cxd5 Nxd5 5. e4 Nb4 6. Bb5+ N8c6 7. O-O a6 8. Bxc6+ Nxc6 9. d3 Bg4 10. h3 Bxf3 11. Qxf3 g6 12. Be3 b6 13. Qe2 Bg7 14. Rfd1 O-O 15. Rab1 e6 16. a3 Rc8 17. Qd2 Nd4 18. Ne2 Nxe2+ 19. Qxe2 Qd7 20. b4 Qa4 21. bxc5 bxc5 22. Rd2 Rfd8 23. Ra2 c4 24. Rb4 cxd3 25. Rxa4 dxe2 1/2-1/2

[Event "HUN-ch Rapid 2019"]
[Site "Ajka"]
[Date "2019.07.21"]
[Round "12.16"]
[White "Emodi, Barnabas"]
[Black "Gelle, Istvan"]
[Result "1/2-1/2"]
[ECO "D02"]
[WhiteElo "2365"]
[BlackElo "2325"]
[Annotator "NA"]
[PlyCount "122"]
[EventDate "2019.07.18"]
[EventType "swiss"]
[EventCountry "HUN"]
[SourceTitle "playchess.com"]
[Source "ChessBase"]
[SourceQuality "1"]
[TimeControl "1200+5"]

1. d4 d5 2. Nf3 c6 3. c4 Nf6 4. Qb3 dxc4 5. Qxc4 e6 6. g3 Be7 7. Bg2 O-O 8. O-O b5 9. Qc2 Bb7 10. Bg5 Nbd7 11. Rd1 Rc8 12. Nc3 a6 13. Ne5 h6 14. Nxd7 Nxd7 15. Bxe7 Qxe7 16. Rac1 Nf6 17. Ne4 Nxe4 18. Qxe4 Rfd8 19. Qe5 Rd6 20. Qc5 Rcd8 21. Rd3 Kf8 22. b4 f6 23. Rcc3 e5 24. dxe5 Qxe5 25. Qxe5 fxe5 26. Be4 Ke7 27. f3 Rxd3 28. Bxd3 Rd4 29. a3 Kd7 30. Kf2 Kc7 31. e3 Rd6 32. Ke2 Kb6 33. Be4 a5 34. Rc5 axb4 35. axb4 Re6 36. h4 Kc7 37. Kd3 Kd6 38. Bf5 Re8 39. Ke4 Re7 40. g4 Re8 41. g5 hxg5 42. hxg5 Re7 43. Bg4 Re8 44. Bh3 Re7 45. Bf1 Re8 46. Be2 Bc8 47. Rc1 Be6 48. Rc2 Rf8 49. Kd3 Bf5+ 50. e4 Be6 51. Ke3 Ra8 52. Rd2+ Ke7 53. Rd3 Ra4 54. Rc3 Kd6 55. Rd3+ Kc7 56. Rd1 Rxb4 57. Rh1 Rb3+ 58. Kf2 Rb2 59. Ke3 Rb3+ 60. Kf2 Rb2 61. Ke3 Rb3+ 1/2-1/2

[Event "HUN-ch Rapid 2019"]
[Site "Ajka"]
[Date "2019.07.21"]
[Round "12.17"]
[White "Nemeth, Zoltan"]
[Black "Marosi, Levente"]
[Result "1-0"]
[ECO "A46"]
[WhiteElo "2275"]
[BlackElo "2225"]
[Annotator "NA"]
[PlyCount "72"]
[EventDate "2019.07.18"]
[EventType "swiss"]
[EventCountry "HUN"]
[SourceTitle "playchess.com"]
[Source "ChessBase"]
[SourceQuality "1"]
[TimeControl "1200+5"]

1. d4 Nf6 2. Nf3 e6 3. g3 b5 4. Bg2 d5 5. O-O Be7 6. Bg5 O-O 7. c3 h6 8. Bxf6 Bxf6 9. Nbd2 Bb7 10. Re1 Nd7 11. e4 dxe4 12. Nxe4 Be7 13. Ne5 Nxe5 14. dxe5 Qxd1 15. Raxd1 Bd5 16. b3 Rad8 17. f4 a5 18. Nf2 c6 19. Re2 Bc5 20. Red2 Rc8 21. Kf1 a4 22. Nd3 Be7 23. b4 Bc4 24. Ke1 g5 25. Kf2 c5 26. bxc5 Bxc5+ 27. Nxc5 Rxc5 28. Be4 Kg7 29. Ke3 Rfc8 30. Rb1 R8c7 31. Rb4 Bf1 32. Kf2 Bc4 33. Ke3 Bf1 34. Kf2 Bc4 35. Ke3 Bf1 36. Kf2 Bc4 1-0

[Event "HUN-ch Rapid 2019"]
[Site "Ajka"]
[Date "2019.07.21"]
[Round "12.18"]
[White "Amrein, Roland"]
[Black "Farago, Ivan"]
[Result "0-1"]
[ECO "C07"]
[WhiteElo "2198"]
[BlackElo "2350"]
[Annotator "NA"]
[PlyCount "50"]
[EventDate "2019.07.18"]
[EventType "swiss"]
[EventCountry "HUN"]
[SourceTitle "playchess.com"]
[Source "ChessBase"]
[SourceQuality "1"]
[TimeControl "1200+5"]

1. e4 e6 2. d4 d5 3. Nd2 c5 4. Ngf3 Nc6 5. Bb5 cxd4 6. Nxd4 Bd7 7. Nxc6 bxc6 8. Bd3 Qc7 9. Qe2 Ne7 10. e5 c5 11. c4 Nc6 12. f4 Nd4 13. Qf2 Be7 14. O-O O-O 15. Nf3 dxc4 16. Bxc4 Nxf3+ 17. Qxf3 Bc6 18. Qe2 Rad8 19. f5 exf5 20. Rxf5 Bd5 21. Bg5 Bxc4 22. Qxc4 g6 23. Bf6 gxf5 24. Rf1 Bxf6 25. exf6 Qe5 0-1

[Event "HUN-ch Rapid 2019"]
[Site "Ajka"]
[Date "2019.07.21"]
[Round "12.19"]
[White "Terbe, Julianna"]
[Black "Deak, Sandor"]
[Result "1-0"]
[ECO "A45"]
[WhiteElo "2298"]
[BlackElo "2279"]
[Annotator "NA"]
[PlyCount "35"]
[EventDate "2019.07.18"]
[EventType "swiss"]
[EventCountry "HUN"]
[SourceTitle "playchess.com"]
[Source "ChessBase"]
[SourceQuality "1"]
[TimeControl "1200+5"]

1. d4 Nf6 2. Bf4 c5 3. e3 Qb6 4. Nc3 cxd4 5. exd4 Qxb2 6. Nb5 Na6 7. a3 d5 8. Rb1 Qa2 9. Qc1 e5 10. Ra1 Qxa1 11. Qxa1 exf4 12. Bd3 Be7 13. Qc1 O-O 14. Qxf4 Bd7 15. Ne2 Bxb5 16. Bxb5 Bxa3 17. O-O Nc7 18. Qxc7 1-0

[Event "HUN-ch Rapid 2019"]
[Site "Ajka"]
[Date "2019.07.21"]
[Round "12.20"]
[White "Nagy, Bence"]
[Black "Balint, Vilmos"]
[Result "0-1"]
[ECO "C45"]
[WhiteElo "2352"]
[BlackElo "2203"]
[Annotator "NA"]
[PlyCount "108"]
[EventDate "2019.07.18"]
[EventType "swiss"]
[EventCountry "HUN"]
[SourceTitle "playchess.com"]
[Source "ChessBase"]
[SourceQuality "1"]
[TimeControl "1200+5"]

1. e4 e5 2. Nf3 Nc6 3. d4 exd4 4. Nxd4 Bc5 5. Nb3 Bb6 6. Nc3 d6 7. Bd3 Nf6 8. Bg5 h6 9. Bh4 Be6 10. Qe2 g5 11. Bg3 Ne5 12. O-O-O Qe7 13. h4 O-O-O 14. Kb1 Nxd3 15. Qxd3 Nh5 16. Nd5 Bxd5 17. exd5 Nxg3 18. fxg3 Rde8 19. a4 a5 20. Nd2 Qd7 21. Nc4 Bc5 22. hxg5 hxg5 23. Rxh8 Rxh8 24. Qc3 Rh2 25. Qxa5 Kb8 26. b3 Rxg2 27. Qc3 Qg4 28. Rd3 Rh2 29. Ne5 Qf5 30. Nf3 Rh1+ 31. Ka2 g4 32. Nd2 Bf2 33. a5 Be1 34. Re3 Qxd5 35. Re8+ Ka7 36. Qxc7 Qc6 37. Qb8+ Ka6 38. Qa8+ Kb5 39. Rc8 Qa6 40. Qxa6+ Kxa6 41. Nc4 Bc3 42. b4 Bxb4 43. Kb3 Bc5 44. Nb2 Kxa5 45. c4 Rg1 46. Nd3 Rxg3 47. Kc3 Bb4+ 48. Kd4 Bc5+ 49. Nxc5 dxc5+ 50. Kxc5 b6+ 51. Kc6 Rc3 52. Ra8+ Kb4 53. Kxb6 Rxc4 54. Rf8 Rf4 0-1

[Event "HUN-ch Rapid 2019"]
[Site "Ajka"]
[Date "2019.07.21"]
[Round "13.1"]
[White "Gledura, Benjamin"]
[Black "Aczel, Gergely"]
[Result "1-0"]
[ECO "A06"]
[WhiteElo "2654"]
[BlackElo "2540"]
[Annotator "ChessBase"]
[PlyCount "75"]
[EventDate "2019.07.18"]
[EventType "swiss"]
[EventCountry "HUN"]
[SourceTitle "playchess.com"]
[Source "ChessBase"]
[SourceQuality "1"]
[TimeControl "1200+5"]

1. Nf3 d5 2. g3 c6 3. Bg2 Bg4 4. d4 e6 5. h3 Bh5 6. O-O Nd7 7. c4 Ngf6 8. cxd5 exd5 9. Qb3 Nb6 10. a4 a5 11. Ne5 Bd6 12. Nc3 O-O 13. f4 h6 14. g4 Bg6 15. Nxg6 fxg6 16. e4 Bb4 17. e5 Nfd7 18. Qc2 Qe8 19. Be3 Kh8 20. b3 Rc8 21. Qd3 c5 22. Nxd5 Nxd5 23. Bxd5 cxd4 24. Bxd4 Nc5 25. Qf3 Ne6 26. Bxe6 Qxe6 27. f5 gxf5 28. gxf5 Qe7 29. Kh1 Rcd8 30. f6 Qe6 31. Rad1 Rf7 32. Rd3 Rc8 33. Qf5 Qd5+ 34. Rdf3 Re8 35. e6 Qxf5 36. Rxf5 Rxe6 37. fxg7+ Rxg7 38. Rf7 1-0

[Event "HUN-ch Rapid 2019"]
[Site "Ajka"]
[Date "2019.07.21"]
[Round "13.3"]
[White "Papp, Gabor"]
[Black "Balog, Imre"]
[Result "0-1"]
[ECO "C04"]
[WhiteElo "2587"]
[BlackElo "2566"]
[Annotator "ChessBase"]
[PlyCount "36"]
[EventDate "2019.07.18"]
[EventType "swiss"]
[EventCountry "HUN"]
[SourceTitle "playchess.com"]
[Source "ChessBase"]
[SourceQuality "1"]
[TimeControl "1200+5"]

1. e4 e6 2. d4 d5 3. Nd2 Nc6 4. Ngf3 Nf6 5. exd5 exd5 6. c3 Bf5 7. Bb5 Bd6 8. O-O O-O 9. Bxc6 bxc6 10. Nb3 Ne4 11. Ne5 Qh4 12. Qf3 f6 13. g3 Qh3 14. Nxc6 Ng5 15. Qe2 Nf3+ 16. Qxf3 Be4 17. Nd2 Bxf3 18. Nxf3 a5 0-1

[Event "HUN-ch Rapid 2019"]
[Site "Ajka"]
[Date "2019.07.21"]
[Round "13.4"]
[White "Mihok, Oliver"]
[Black "Banusz, Tamas"]
[Result "1/2-1/2"]
[ECO "B33"]
[WhiteElo "2550"]
[BlackElo "2626"]
[Annotator "ChessBase"]
[PlyCount "78"]
[EventDate "2019.07.18"]
[EventType "swiss"]
[EventCountry "HUN"]
[SourceTitle "playchess.com"]
[Source "ChessBase"]
[SourceQuality "1"]
[TimeControl "1200+5"]

1. e4 c5 2. Nf3 Nc6 3. d4 cxd4 4. Nxd4 Nf6 5. Nc3 e5 6. Ndb5 d6 7. Bg5 a6 8. Na3 b5 9. Bxf6 gxf6 10. Nd5 Bg7 11. Bd3 Ne7 12. Nxe7 Qxe7 13. O-O O-O 14. c3 f5 15. exf5 e4 16. Re1 Bxf5 17. Nc2 d5 18. Nd4 Bd7 19. f3 f5 20. Qb3 Bxd4+ 21. cxd4 Be6 22. Bf1 Kh8 23. f4 Rg8 24. Rac1 Rg4 25. g3 h5 26. Be2 Rg7 27. Bxh5 Qh4 28. Rc6 Rag8 29. Re3 Rh7 30. Rxe6 Rxh5 31. Qc2 Qxf4 32. Rc3 Rh6 33. Rxh6+ Qxh6 34. Rc6 Qe3+ 35. Qf2 Qg5 36. Kf1 Qg4 37. Qe3 f4 38. Qxf4 Qxf4+ 39. gxf4 Rf8 1/2-1/2

[Event "HUN-ch Rapid 2019"]
[Site "Ajka"]
[Date "2019.07.21"]
[Round "13.5"]
[White "Horvath, Peter"]
[Black "Czebe, Attila"]
[Result "0-1"]
[ECO "A41"]
[WhiteElo "2418"]
[BlackElo "2436"]
[Annotator "NA"]
[PlyCount "62"]
[EventDate "2019.07.18"]
[EventType "swiss"]
[EventCountry "HUN"]
[SourceTitle "playchess.com"]
[Source "ChessBase"]
[SourceQuality "1"]
[TimeControl "1200+5"]

1. d4 d6 2. c4 e5 3. d5 g6 4. e4 Bg7 5. Nc3 a5 6. Be2 f5 7. exf5 gxf5 8. Bh5+ Kf8 9. Be2 Na6 10. Nf3 Ne7 11. a3 Bd7 12. Rb1 Ng6 13. O-O Qf6 14. Bg5 Qf7 15. b4 axb4 16. axb4 h6 17. Be3 Bf6 18. c5 Kg7 19. c6 bxc6 20. dxc6 Be6 21. Bxa6 Rxa6 22. b5 Ra3 23. Qc1 Raa8 24. b6 cxb6 25. Rxb6 Ne7 26. Rb7 Rhg8 27. Nb5 Kh8 28. Nxd6 Qh5 29. Ne1 Bd5 30. Rc7 Rxg2+ 31. Nxg2 Qf3 0-1

[Event "HUN-ch Rapid 2019"]
[Site "Ajka"]
[Date "2019.07.21"]
[Round "13.6"]
[White "Videki, Sandor"]
[Black "Ruck, Robert"]
[Result "0-1"]
[ECO "A22"]
[WhiteElo "2401"]
[BlackElo "2524"]
[Annotator "ChessBase"]
[PlyCount "125"]
[EventDate "2019.07.18"]
[EventType "swiss"]
[EventCountry "HUN"]
[SourceTitle "playchess.com"]
[Source "ChessBase"]
[SourceQuality "1"]
[TimeControl "1200+5"]

1. c4 e5 2. Nc3 Nf6 3. g3 d5 4. cxd5 Nxd5 5. Bg2 Nb6 6. Nf3 Nc6 7. O-O Be7 8. d3 O-O 9. Be3 Re8 10. Rc1 Bf8 11. Na4 Nd4 12. Re1 c6 13. Nc5 Bxc5 14. Rxc5 Qd6 15. Qc1 Bg4 16. Bxd4 exd4 17. Rc2 Bxf3 18. Bxf3 Nd7 19. e4 dxe3 20. Rxe3 Nf6 21. Rce2 Rxe3 22. Rxe3 Rd8 23. Qc4 Kf8 24. h4 Rd7 25. a3 h6 26. Qc3 c5 27. Qc4 b6 28. Qc3 Rc7 29. Re2 Re7 30. Rxe7 Kxe7 31. Qc4 Kf8 32. Qa6 Qc7 33. Kf1 Nd7 34. Be4 Nf6 35. Bb7 Qb8 36. Bf3 Ne8 37. Qa4 Qc7 38. Qe4 Nd6 39. Qh7 Ne8 40. Qe4 Qd7 41. Be2 Nd6 42. Qa8+ Ke7 43. Qd5 Qe6 44. Qc6 Qd7 45. Qd5 Qe6 46. Qc6 Qd7 47. Qd5 Qe6 48. Qa8 Qd7 49. Bf3 Nf5 50. Be4 Nd4 51. Qb8 Qh3+ 52. Ke1 Qd7 53. Qe5+ Kf8 54. Kd2 Qd8 55. Kd1 Qd7 56. Kd2 Qd8 57. Kc1 Qd7 58. Kb1 Qd8 59. Bd5 Qd7 60. Bc4 Qd8 61. Qe4 Qd7 62. Qe5 Qd8 63. Qf4 0-1

[Event "HUN-ch Rapid 2019"]
[Site "Ajka"]
[Date "2019.07.21"]
[Round "13.7"]
[White "Prohaszka, Peter"]
[Black "Jakab, Attila"]
[Result "1-0"]
[ECO "D35"]
[WhiteElo "2598"]
[BlackElo "2377"]
[Annotator "ChessBase"]
[PlyCount "95"]
[EventDate "2019.07.18"]
[EventType "swiss"]
[EventCountry "HUN"]
[SourceTitle "playchess.com"]
[Source "ChessBase"]
[SourceQuality "1"]
[TimeControl "1200+5"]

1. d4 d5 2. c4 e6 3. Nc3 Nf6 4. cxd5 exd5 5. Bg5 Nbd7 6. e3 c6 7. Bd3 Bd6 8. Qc2 Nf8 9. Nf3 Ng6 10. Nh4 O-O 11. Nxg6 fxg6 12. Bh4 Be6 13. O-O-O Qc7 14. Bg3 Rae8 15. Kb1 Bf5 16. Bxf5 gxf5 17. Nb5 cxb5 18. Qxc7 Bxc7 19. Bxc7 Rc8 20. Be5 Rc6 21. f3 Rfc8 22. Rc1 Kf7 23. Rxc6 Rxc6 24. Rc1 Nd7 25. Bf4 Kf6 26. Rxc6+ bxc6 27. Kc2 h6 28. Kc3 a5 29. b3 b4+ 30. Kd3 Ke6 31. Bc7 c5 32. Bxa5 Kd6 33. dxc5+ Kxc5 34. Bc7 g5 35. Bd8 Ne5+ 36. Ke2 Nc6 37. Bf6 Kd6 38. g4 Ke6 39. Bg7 Kf7 40. Bxh6 Kg6 41. Bf8 d4 42. Bd6 Kf6 43. e4 fxe4 44. fxe4 Ke6 45. Bg3 Kd7 46. Kd3 Kc8 47. h3 Kd7 48. Bf2 1-0

[Event "HUN-ch Rapid 2019"]
[Site "Ajka"]
[Date "2019.07.21"]
[Round "13.8"]
[White "Vertetics, Attila"]
[Black "Popovics, Adam"]
[Result "1-0"]
[ECO "A40"]
[WhiteElo "2438"]
[BlackElo "2365"]
[Annotator "NA"]
[PlyCount "65"]
[EventDate "2019.07.18"]
[EventType "swiss"]
[EventCountry "HUN"]
[SourceTitle "playchess.com"]
[Source "ChessBase"]
[SourceQuality "1"]
[TimeControl "1200+5"]

1. d4 e6 2. Nf3 Nf6 3. c4 c5 4. e3 cxd4 5. exd4 d5 6. Nc3 Be7 7. Bg5 O-O 8. Bd3 dxc4 9. Bxc4 a6 10. Ne5 b5 11. Be2 Bb7 12. Bf3 Bxf3 13. Qxf3 Qxd4 14. O-O b4 15. Qxa8 Qxe5 16. Bxf6 Bxf6 17. Ne4 Be7 18. Qb7 Re8 19. b3 f5 20. Nd2 Bd6 21. g3 Bc5 22. Nc4 Qd5 23. Qxd5 exd5 24. Ne3 Re5 25. Rac1 Nd7 26. Rfd1 Bxe3 27. fxe3 Nf6 28. Rd4 Rxe3 29. Rxb4 Re2 30. Rc7 h5 31. Rbb7 Ng4 32. Rxg7+ Kh8 33. Rge7 1-0

[Event "HUN-ch Rapid 2019"]
[Site "Ajka"]
[Date "2019.07.21"]
[Round "13.9"]
[White "Csiszar, Csaba"]
[Black "Horvath, Adam"]
[Result "0-1"]
[ECO "A46"]
[WhiteElo "2432"]
[BlackElo "2517"]
[Annotator "ChessBase"]
[PlyCount "136"]
[EventDate "2019.07.18"]
[EventType "swiss"]
[EventCountry "HUN"]
[SourceTitle "playchess.com"]
[Source "ChessBase"]
[SourceQuality "1"]
[TimeControl "1200+5"]

1. d4 Nf6 2. Nf3 e6 3. e3 c5 4. Bd3 Nc6 5. a3 d5 6. b3 b6 7. Bb2 Bb7 8. Nbd2 cxd4 9. exd4 g6 10. O-O Bg7 11. Qe2 O-O 12. Rac1 Rc8 13. Rfe1 Qc7 14. c4 dxc4 15. bxc4 Rfe8 16. h3 Qb8 17. Qe3 a6 18. Ne4 Nxe4 19. Bxe4 b5 20. c5 Ne7 21. Ne5 Bxe5 22. dxe5 Bxe4 23. Qxe4 Red8 24. h4 Rd5 25. h5 Nc6 26. Re3 Qa7 27. Rg3 Qe7 28. Re1 Rcd8 29. Kh2 Rxc5 30. Ree3 Rc4 31. Qf3 Qh4+ 32. Rh3 Qf4+ 33. Qxf4 Rxf4 34. hxg6 hxg6 35. f3 Rc4 36. Bc3 Rd5 37. g4 Rdc5 38. Be1 Rxe5 39. Bc3 Rxc3 40. Rxc3 Nd4 41. Rc8+ Kg7 42. Kg3 Ne2+ 43. Kf2 Nf4 44. Rhh8 Re2+ 45. Kf1 g5 46. Rhg8+ Kf6 47. Ra8 Re3 48. Kf2 Rxa3 49. Ra7 Ng6 50. Rga8 Ne5 51. Rxa6 Rxf3+ 52. Kg2 Rf4 53. Rb6 Rxg4+ 54. Kh3 Rb4 55. Ra7 Rb3+ 56. Kg2 Rb2+ 57. Kg3 Nc4 58. Rbb7 Nd6 59. Rd7 Ke5 60. Ra6 Rd2 61. Kf3 f5 62. Rc7 g4+ 63. Ke3 Rd5 64. Ke2 f4 65. Rg7 f3+ 66. Ke1 Ne4 67. Rg6 f2+ 68. Ke2 Rd2+ 0-1

[Event "HUN-ch Rapid 2019"]
[Site "Ajka"]
[Date "2019.07.21"]
[Round "13.10"]
[White "Gelle, Istvan"]
[Black "Medvegy, Zoltan"]
[Result "0-1"]
[ECO "A40"]
[WhiteElo "2325"]
[BlackElo "2539"]
[Annotator "ChessBase"]
[PlyCount "80"]
[EventDate "2019.07.18"]
[EventType "swiss"]
[EventCountry "HUN"]
[SourceTitle "playchess.com"]
[Source "ChessBase"]
[SourceQuality "1"]
[TimeControl "1200+5"]

1. d4 e6 2. Bf4 c5 3. e3 Nf6 4. c3 Be7 5. Nd2 O-O 6. h3 b6 7. Ngf3 d6 8. a4 cxd4 9. exd4 a6 10. Be2 Bb7 11. O-O Nbd7 12. Bh2 Re8 13. Re1 Nf8 14. Qb3 Ng6 15. Nc4 Rb8 16. Nfd2 Bc6 17. Ne3 Qc8 18. Ndc4 Qc7 19. Qa3 Red8 20. a5 b5 21. Nb6 Qb7 22. b4 Nd5 23. Nexd5 Bxd5 24. Bf1 Nf8 25. Rec1 Bf6 26. Qb2 Nd7 27. Bxd6 Nxb6 28. Bxb8 Nc4 29. Bxc4 bxc4 30. Bg3 Bxg2 31. Kh2 Bc6 32. Rg1 Rd5 33. Qe2 Qb5 34. Rae1 Rf5 35. Be5 Bg5 36. Rg3 Qd5 37. f4 Bh4 38. Rxg7+ Kf8 39. Qg4 Bxe1 40. Rg8+ Ke7 0-1

[Event "HUN-ch Rapid 2019"]
[Site "Ajka"]
[Date "2019.07.21"]
[Round "13.11"]
[White "Farago, Ivan"]
[Black "Terbe, Julianna"]
[Result "0-1"]
[ECO "D10"]
[WhiteElo "2350"]
[BlackElo "2298"]
[Annotator "NA"]
[PlyCount "88"]
[EventDate "2019.07.18"]
[EventType "swiss"]
[EventCountry "HUN"]
[SourceTitle "playchess.com"]
[Source "ChessBase"]
[SourceQuality "1"]
[TimeControl "1200+5"]

1. d4 d5 2. c4 c6 3. cxd5 cxd5 4. Bg5 Nc6 5. Nc3 Bf5 6. e4 Bxe4 7. Nxe4 dxe4 8. d5 Ne5 9. Bb5+ Nd7 10. Ne2 a6 11. Ba4 h6 12. Be3 Ngf6 13. Nc3 g6 14. O-O Bg7 15. Bc2 O-O 16. Nxe4 Kh7 17. d6 Rc8 18. Nc3 Ne5 19. dxe7 Qxe7 20. Re1 Qb4 21. Rb1 Nc4 22. Bc1 Rfd8 23. Qe2 Re8 24. Qf1 Na3 25. Rxe8 Rxe8 26. Bxg6+ fxg6 27. bxa3 Qxc3 28. Bb2 Qc6 29. h3 b5 30. Rc1 Qd7 31. Rd1 Qe6 32. Qd3 Qxa2 33. Bxf6 Bxf6 34. Qd6 Qe6 35. Qc5 Bg7 36. Qc7 Re7 37. Qd8 Rf7 38. Qd2 Qf6 39. g3 Qf3 40. Rf1 Qxa3 41. Qd5 Qf3 42. Qd6 a5 43. Qb6 a4 44. Qxb5 Bd4 0-1

[Event "HUN-ch Rapid 2019"]
[Site "Ajka"]
[Date "2019.07.21"]
[Round "13.12"]
[White "Dankhazi, Andras"]
[Black "Csati, Oliver"]
[Result "1/2-1/2"]
[ECO "E06"]
[WhiteElo "2277"]
[BlackElo "2233"]
[Annotator "NA"]
[PlyCount "86"]
[EventDate "2019.07.18"]
[EventType "swiss"]
[EventCountry "HUN"]
[SourceTitle "playchess.com"]
[Source "ChessBase"]
[SourceQuality "1"]
[TimeControl "1200+5"]

1. d4 Nf6 2. c4 e6 3. Nf3 d5 4. g3 Be7 5. Bg2 O-O 6. O-O dxc4 7. Ne5 Nc6 8. Nxc6 bxc6 9. Na3 Bxa3 10. bxa3 Rb8 11. Qa4 Qxd4 12. Be3 Qb2 13. Qxc4 Qb5 14. Qxb5 Rxb5 15. Bxa7 Ra5 16. Bb8 Rxa3 17. Bxc7 Ra7 18. Bb6 Ra6 19. Bc5 Re8 20. Rfc1 e5 21. a4 Be6 22. Bb4 Bd5 23. Bf1 e4 24. e3 Raa8 25. a5 Nd7 26. a6 Ne5 27. Bc5 Nf3+ 28. Kg2 Nd2 29. Ra3 Nb3 30. Rc3 Nxc5 31. Rxc5 Ra7 32. Be2 Rea8 33. Ra1 Kf8 34. Rb1 Ke7 35. Rc2 Kd6 36. Rcb2 g5 37. Rb7 Rxb7 38. Rxb7 c5 39. Rb6+ Kc7 40. Rb5 Kc6 41. Ra5 c4 42. Kf1 Be6 43. Ke1 Kb6 1/2-1/2